 Dungeon Crawl Stone Soup version 0.21-a0-143-g1ab7d47 (webtiles) character file.

3072 drasked the Basher (level 9, -1/82 HPs)
             Began as a Hill Orc Fighter on July 25, 2017.
             Was a Believer of Beogh.
             Slain by nubinia's ghost (4 damage)
             ... on level 8 of the Dungeon.
             The game lasted 00:22:02 (8636 turns).

drasked the Basher (Hill Orc Fighter)               Turns: 8636, Time: 00:22:02

Health: -1/82      AC: 13    Str: 22    XL:     9   Next: 88%
Magic:  9/9        EV:  6    Int:  8    God:    Beogh [**....]
Gold:   393        SH:  0    Dex: 10    Spells: 8/8 levels left

rFire    + . .     SeeInvis .   a - +1 flail
rCold    . . .     Gourm    .   c - +0 shield
rNeg     + . .     Faith    .   l - +1 chain mail {rF+}
rPois    .         Spirit   .   (no helmet)
rElec    .         Reflect  .   (no cloak)
rCorr    .         Harm     .   y - +0 pair of gloves
MR       .....                  (no boots)
Stlth    ..........             (no amulet)
HPRegen  0.23/turn              A - +1 ring of protection
MPRegen  0.11/turn              b - ring of positive energy {rN+}

@: confused, lethally poisoned (-1 -> -2), drained
A: no striking features
a: Smiting, Renounce Religion


You were on level 8 of the Dungeon.
You worshipped Beogh.
Beogh was pleased with you.
You were very hungry.

You visited 1 branch of the dungeon, and saw 8 of its levels.

You collected 393 gold pieces.

Inventory:

Hand Weapons
 a - a +1 flail (weapon)
 D - a +0 halberd of freezing
   (You took it off a wight on level 8 of the Dungeon)
 G - a +2 spear of freezing
   (You took it off a wight on level 8 of the Dungeon)
Missiles
 z - a throwing net {=f, !d}
 E - 7 curare-tipped needles
Armour
 c - a +0 shield (worn)
 l - a +1 chain mail of fire resistance (worn)
   (You took it off an orc warrior on level 6 of the Dungeon)
 u - a +0 cloak
   (You found it on level 7 of the Dungeon)
 y - a +0 pair of gloves (worn)
   (You found it on level 4 of the Dungeon)
Jewellery
 b - a ring of positive energy (right hand) {rN+}
   (You found it on level 6 of the Dungeon)
 A - a +1 ring of protection (left hand)
   (You found it on level 4 of the Dungeon)
Wands
 i - a wand of flame (18/48)
   (You found it on level 5 of the Dungeon)
 m - a wand of disintegration (9/24)
   (You found it on level 8 of the Dungeon)
 q - a wand of flame (34/48)
   (You found it on level 3 of the Dungeon)
 w - a wand of polymorph (11/24)
   (You found it on level 6 of the Dungeon)
Scrolls
 g - 2 scrolls of remove curse
 h - 5 scrolls of teleportation
 k - a scroll of identify
Potions
 d - a potion of berserk rage {unknown}
 e - 3 potions of agility
 j - 2 potions of lignification {!q}
 n - a potion of heal wounds
 o - a potion of flight {unknown}
 p - 2 potions of magic {unknown}
 r - a potion of invisibility {unknown}
 s - 3 potions of ambrosia
 v - a potion of brilliance {unknown}
Books
 F - a book of Callings
   (You found it on level 8 of the Dungeon)
Comestibles
 f - 2 bread rations {@e1}
 x - 2 royal jellies
 B - 4 meat rations {@e2}


   Skills:
 + Level 8.9(8.6) Fighting
 * Level 10.6(10.3) Maces & Flails
 + Level 6.1(5.9) Armour
 + Level 6.0(5.7) Shields


You had 8 spell levels left.
You didn't know any spells.

Dungeon Overview and Level Annotations

Branches:
Dungeon (8/15)             Temple (0/1) D:6            Lair (0/6) D:8

Altars:
Elyvilon
Makhleb
Okawaru
Vehumet
The Shining One

Shops:
D:4 (   D:5 :   D:6 =

Annotations:
D:8 nubinia's ghost, journeyman DsVM


Message History

The ball explodes into a vile cloud!
The stinking cloud engulfs you!
The stinking cloud engulfs nubinia's ghost.
Nubinia's ghost appears unharmed.
You regained 10 hp, and now have 32/82 hp.
You sock nubinia's ghost!
You are engulfed in noxious fumes.
You choke on the stench!
You are confused.
Nubinia's ghost hits you but does no damage.
You take 1 damage, and have 31/82 hp.
You are engulfed in noxious fumes.
You choke on the stench!
You are more confused.
Nubinia's ghost gestures at you while chanting.
The ball explodes into a vile cloud!
The stinking cloud engulfs you!
You are engulfed in noxious fumes.
You choke on the stench!
You are more confused.
Nubinia's ghost gestures at you while chanting.
The ball explodes into a vile cloud!
The stinking cloud engulfs you!
You take 3 damage, and have 28/82 hp.
Nubinia's ghost points at you and mumbles some strange words.
The sting hits you!
You are poisoned.
You bump into the stone wall.
You feel sick.
You take 1 damage, and have 28/82 hp.
You feel less confused.
You feel sick.
Nubinia's ghost hits you but does no damage.
You take 1 damage, and have 27/82 hp.
You bludgeon nubinia's ghost!! Nubinia's ghost hits you.
* * * LOW HITPOINT WARNING * * *
Nubinia's ghost burns you.
* * * LOW HITPOINT WARNING * * *
You take 7 damage, and have 20/82 hp.
You sock nubinia's ghost!
Nubinia's ghost hits you but does no damage.
You hit nubinia's ghost.
You feel sick. The ogre hits you with a giant club!
* * * LOW HITPOINT WARNING * * *
Nubinia's ghost casts a spell at you. The sting hits you!
You are more poisoned.
* * * LOW HITPOINT WARNING * * *
You take 17 damage, and have 4/82 hp.
MASSIVE DAMAGE!!
You feel better. Nubinia's ghost casts a spell at you.
The ball explodes into a vile cloud!
The stinking cloud engulfs you!
The stinking cloud engulfs the ogre.
The stinking cloud engulfs nubinia's ghost.
Nubinia's ghost appears unharmed.
You regained 10 hp, and now have 14/82 hp.
You feel much better.
You are engulfed in noxious fumes.
You choke on the stench!
You are confused.
The ogre is engulfed in noxious fumes.
The ogre hits you but does no damage.
Nubinia's ghost hits you but does no damage.
You regained 27 hp, and now have 41/82 hp.
You barely miss nubinia's ghost.
You are engulfed in noxious fumes.
You choke on the stench!
You are more confused.
The ogre hits you with a giant club.
You take 2 damage, and have 39/82 hp.
You bump into the stone wall.
You are engulfed in noxious fumes.
You choke on the stench!
You are more confused.
Nubinia's ghost casts a spell at you.
The ball explodes into a vile cloud!
The stinking cloud engulfs you!
The stinking cloud engulfs the ogre.
The stinking cloud engulfs nubinia's ghost.
Nubinia's ghost appears unharmed.
The ogre is engulfed in noxious fumes.
The ogre appears confused.
You closely miss nubinia's ghost.
You are engulfed in noxious fumes.
You choke on the stench!
You are more confused.
Nubinia's ghost hits you.
The ogre is engulfed in noxious fumes.
The ogre appears confused.
The ogre says, "Why is everything spinning?"
You take 1 damage, and have 38/82 hp.
You are engulfed in noxious fumes.
You take 2 damage, and have 36/82 hp.
Unknown command.
You miss nubinia's ghost.
You are engulfed in noxious fumes.
You choke on the stench!
You are more confused.
Nubinia's ghost casts a spell at you. The sting hits you!
You are poisoned.
The ogre hits you with a giant club.
You take 4 damage, and have 32/82 hp.
You miss nubinia's ghost.
You are engulfed in noxious fumes.
You feel sick. Nubinia's ghost hits you. Nubinia's ghost burns you.
* * * LOW HITPOINT WARNING * * *
You take 8 damage, and have 24/82 hp.
Unknown command.
You bump into the stone wall.
You are engulfed in noxious fumes.
You choke on the stench!
You are more confused.
The ogre asks, "Where am I?"
The ogre hits you with a giant club!!
* * * LOW HITPOINT WARNING * * *
Nubinia's ghost hits you.
You die...

.....##.####.........#
#hs.h..#
##...##.####...#####.##
#O##h#.#
#.............# #..#
#.# ##......###.#..#
#.[# #.# ))...####
#....# #..####.# ######
####.#####..§....#
#.[.....§######
##.#####.# #O@W....#
#########


You could see an ogre (confused) and nubinia's ghost.

Vanquished Creatures
  The ghost of grindst0ne the Firebug, a novice HOFE of Makhleb (D:5)
  Prince Ribbit (D:7)
  A wyvern (D:7)
  Menkaure (D:7)
  A sky beast (D:7)
  An orc warrior (D:6)
  An ice beast (D:7)
  7 ogres
  A bullfrog (D:8)
  A scorpion (D:5)
  6 killer bees (D:7)
  5 wights (D:8)
  3 crimson imps
  A bullfrog zombie (D:3)
  A centaur zombie (D:5)
  A jelly (D:8)
  6 orc wizards
  An orc priest (D:8)
  A bullfrog skeleton (D:7)
  2 hounds (D:4)
  An iguana (D:3)
  3 worker ants
  A hound zombie (D:5)
  A worker ant zombie (D:6)
  4 adders
  8 gnolls
  2 shadow imps
  An ooze (D:2)
  An adder skeleton (D:4)
  6 worms
  2 dart slugs
  2 leopard geckos
  24 orcs
  7 bats
  5 giant cockroaches
  19 goblins
  7 hobgoblins
  9 jackals
  4 quokkas
  2 ball pythons
  6 frilled lizards
  11 kobolds
  9 rats
  2 plants (D:1)
180 creatures vanquished.

Vanquished Creatures (others)
  2 black bears (D:8)
  A scorpion (D:8)
  An orc priest (D:3)
  An adder (D:3)
  2 orcs (D:3)
  A jackal (D:3)
8 creatures vanquished.

Grand Total: 188 creatures vanquished

Notes
Turn   | Place    | Note
-------+----------+-------------------------------------------
     0 | D:1      | drasked the Hill Orc Fighter began the quest for the Orb.
     0 | D:1      | Reached XP level 1. HP: 19/19 MP: 1/1
   219 | D:1      | Reached XP level 2. HP: 27/27 MP: 2/2
   254 | D:1      | Reached skill level 4 in Fighting
   509 | D:1      | Reached skill level 3 in Maces & Flails
   948 | D:2      | Reached XP level 3. HP: 31/33 MP: 3/3
  1073 | D:2      | Found a glowing golden altar of the Shining One.
  1717 | D:2      | Reached skill level 4 in Maces & Flails
  1717 | D:2      | Reached XP level 4. HP: 37/41 MP: 4/4
  1733 | D:2      | HP: 10/41 [gnoll (3)]
  2249 | D:2      | Found an iron altar of Okawaru.
  2539 | D:3      | Reached XP level 5. HP: 44/47 MP: 5/5
  2580 | D:3      | Became a worshipper of Beogh the Brigand
  2731 | D:3      | Reached skill level 5 in Maces & Flails
  2960 | D:3      | Reached skill level 5 in Fighting
  3319 | D:4      | Noticed an ogre
  3374 | D:4      | Reached XP level 6. HP: 46/56 MP: 6/6
  3460 | D:4      | Reached * piety under Beogh
  3472 | D:4      | Reached skill level 6 in Maces & Flails
  3747 | D:4      | Reached XP level 7. HP: 27/62 MP: 7/7
  3957 | D:4      | Reached skill level 6 in Fighting
  4143 | D:4      | Reached skill level 7 in Maces & Flails
  4366 | D:4      | Found Haisu's Antique Weapon Boutique.
  4488 | D:5      | Entered Level 5 of the Dungeon
  4528 | D:5      | Found Noozar's Book Shop.
  4822 | D:5      | Noticed grindst0ne's ghost (novice HOFE)
  4870 | D:5      | Reached skill level 8 in Maces & Flails
  5122 | D:5      | Reached XP level 8. HP: 68/71 MP: 8/8
  5255 | D:5      | Found a burning altar of Makhleb.
  5311 | D:5      | Found a radiant altar of Vehumet.
  5324 | D:5      | Reached skill level 7 in Fighting
  5615 | D:5      | Killed grindst0ne's ghost
  5615 | D:5      | Reached skill level 4 in Armour
  5779 | D:6      | Reached skill level 4 in Shields
  5855 | D:6      | Found a white marble altar of Elyvilon.
  5890 | D:6      | Reached skill level 9 in Maces & Flails
  5921 | D:6      | Found a staircase to the Ecumenical Temple.
  5928 | D:6      | Reached ** piety under Beogh
  6436 | D:6      | Found Irphuuxzar's Jewellery Boutique.
  6739 | D:7      | Noticed Menkaure
  6753 | D:7      | Killed Menkaure
  6753 | D:7      | Reached XP level 9. HP: 67/81 MP: 9/9
  6803 | D:7      | Reached skill level 8 in Fighting
  6803 | D:7      | Reached skill level 5 in Shields
  7024 | D:7      | Reached skill level 5 in Armour
  7291 | D:7      | Reached skill level 10 in Maces & Flails
  7493 | D:7      | HP: 17/81 [ogre/giant club (6)]
  7497 | D:7      | HP: 1/81 [ogre/giant club (17)]
  7981 | D:7      | Noticed Prince Ribbit
  8022 | D:7      | Killed Prince Ribbit
  8265 | D:8      | Found a staircase to the Lair.
  8313 | D:8      | Reached skill level 6 in Armour
  8561 | D:8      | Noticed nubinia's ghost (journeyman DsVM)
  8566 | D:8      | Reached skill level 6 in Shields
  8605 | D:8      | HP: 17/82 [nubinia's ghost/sting (5)]
  8610 | D:8      | HP: 12/82 [nubinia's ghost] (1)]
  8625 | D:8      | HP: 20/82 [nubinia's ghost (1)]
  8627 | D:8      | HP: 9/82 [ogre/giant club (11)]
  8627 | D:8      | HP: 4/82 [nubinia's ghost/sting (5)]
  8636 | D:8      | HP: 3/82 [ogre/giant club (21)]
  8636 | D:8      | Slain by nubinia's ghost

Vault maps used:
D:1:      roderic_crop_circles_arrival_small
D:2:      marbit_many_paths, okawaru_altar_gauntlet_db
D:4:      serial_bayou, serial_bayou_lagoon_b, serial_bayou_shore_b,
          serial_bayou_lake_a, serial_bayou_pond_a, serial_shops,
          nicolae_shop_behind_doors, minmay_ogre_servants
D:5:      old_standard_altar, fiery_altar_vehumet, first_bread, serial_shops,
          shop_coins
D:6:      kennysheep_little_box, minmay_temple_entry_junction_2, serial_shops,
          shop, kennysheep_generic_room_7
D:7:      uniq_prince_ribbit1, uniq_menkaure
D:8:      amethyst_overflow_temple_binary, slow_altar_1, lair_entry_dummy,
          enter_bailey_2

Skill      XL: |  1  2  3  4  5  6  7  8  9 |
---------------+----------------------------+-----
Fighting       | 4 5 6 7 8 |  8.9
Maces & Flails | 3 4 5 6 8 9 10 | 10.6
Armour         | 4 6 |  6.1
Shields        | 4 6 |  6.0

Action                   |  1- 3 |  4- 6 |  7- 9 || total
-------------------------+-------+-------+-------++-------
Melee: Flail             |   168 |   272 |   486 ||   926
Invok: Convert to Beogh  |       |     1 |       ||     1
  Use: Potion            |       |     1 |     4 ||     5
       Scroll            |       |       |    10 ||    10
  Eat: Chunk             |     2 |     3 |     6 ||    11
       Bread ration      |       |     1 |       ||     1
       Royal jelly       |       |       |     4 ||     4
       Fruit             |       |       |     2 ||     2
Armor: Scale mail        |    92 |    82 |    66 ||   240
       Chain mail        |       |       |   138 ||   138
Dodge: Dodged            |    65 |    54 |   110 ||   229
Block: Shield            |   111 |    97 |   194 ||   402

Vault maps used:
D:1:      roderic_crop_circles_arrival_small
D:2:      marbit_many_paths, okawaru_altar_gauntlet_db
D:4:      serial_bayou, serial_bayou_lagoon_b, serial_bayou_shore_b,
          serial_bayou_lake_a, serial_bayou_pond_a, serial_shops,
          nicolae_shop_behind_doors, minmay_ogre_servants
D:5:      old_standard_altar, fiery_altar_vehumet, first_bread, serial_shops,
          shop_coins
D:6:      kennysheep_little_box, minmay_temple_entry_junction_2, serial_shops,
          shop, kennysheep_generic_room_7
D:7:      uniq_prince_ribbit1, uniq_menkaure
D:8:      amethyst_overflow_temple_binary, slow_altar_1, lair_entry_dummy,
          enter_bailey_2

Table legend:
 A = Turns spent in this place as a percentage of turns spent in the entire game.
 B = Non-inter-level travel turns spent in this place as a percentage of non-inter-level travel turns spent in the entire game.
 C = Inter-level travel turns spent in this place as a percentage of turns spent in this place.
 D = Turns resting spent in this place as a percentage of non-inter-level travel turns spent in this place.
 E = Turns spent auto-exploring this place as a percentage of non-inter-level travel turns spent in this place.
 F = Non-inter-level travel turns spent in this place divided by the number of levels of this place that you've seen.
                   A       B       C       D       E      F
               +-------+-------+-------+-------+-------+----------------------
         Total | 100.0 | 100.0 |   0.4 |   2.3 |   6.9 | 399.0
       Dungeon | 100.0 | 100.0 |   0.4 |   2.3 |   6.9 | 399.0
               +-------+-------+-------+-------+-------+----------------------

Table legend:
 A = Kills in this place as a percentage of kills in entire the game.
 B = Kills by you in this place as a percentage of kills by you in the entire game.
 C = Kills by friends in this place as a percentage of kills by friends in the entire game.
 D = Other kills in this place as a percentage of other kills in the entire game.
 E = Experience gained in this place as a percentage of experience gained in the entire game.
 F = Experience gained in this place divided by the number of levels of this place that you have seen.
                   A       B       C       D       E      F
               +-------+-------+-------+-------+-------+----------------------
         Total | 100.0 | 100.0 |  -nan |  -nan | 100.0 | 548.6
       Dungeon | 100.0 | 100.0 |  -nan |  -nan | 100.0 | 548.6
               +-------+-------+-------+-------+-------+----------------------
